Map: Deathaura LE

Players

Rex

  • Race: Zerg Zerg
  • League: Master
  • Spawn Location: 11:00

ExpecT - Winner!

  • Race: Terran Terran
  • League: Master
  • Spawn Location: 5:00

Event: DreamHack SC2 Masters 2020 Summer TwHkMoJp

VOD

Have the link to the VOD?

Description

Time

  • Played on: June 27, 2020, 7:48 a.m.
  • Length: 9:36

All games in this series

Show
View Real Time Build Order
Export as new Build Order

Rex Zerg 

Build Orders: Hatch First 

Get SALT Encoding   

  12  0:00  Drone  
  13  0:12  Overlord  
  13  0:17  Drone  
  14  0:31  Drone  
  14  0:32  Drone  
  16  0:49  Hatchery  
  15  0:52  Drone  
  15  0:55  Drone  
  17  1:00  Drone  
  18  1:09  Extractor  
  17  1:14  Spawning Pool  
  17  1:16  Drone  
  17  1:20  Drone  
  18  1:28  Drone  
  19  1:38  Drone  
  20  1:50  Drone  
  21  2:00  Queen  
  23  2:01  Zergling x2  
  23  2:03  Zergling x2  
  23  2:06  Hatchery  
  24  2:14  Queen  
  26  2:20  Overlord  
  26  2:26  Metabolic Boost  
  26  2:30  Drone x2  
  28  2:38  Queen  
  28  2:44  Drone x2  
  32  2:46  Drone  
  33  2:54  Overlord  
  33  2:56  Drone  
  34  2:59  Drone  
  34  3:00  Drone  
  36  3:15  Queen  
  36  3:16  Drone x3  
  36  3:19  Queen  
  43  3:25  Drone x3  
  43  3:26  Drone  
  47  3:29  Drone  
  47  3:34  Overlord  
  48  3:37  Zergling x4  
  50  3:43  Overlord  
  50  3:54  Drone x2  
  52  3:57  Queen, Drone  
  52  4:01  Overlord  
  52  4:02  Overlord  
  55  4:05  Zergling x6  
  55  4:06  Zergling x2  
  55  4:08  Overlord  
  59  4:10  Overlord  
  59  4:11  Drone  
  59  4:14  Drone  
  61  4:19  Drone x2  
  61  4:23  Spore Crawler x2  
  61  4:25  Spore Crawler  
  61  4:27  Zergling x8  
  61  4:30  Drone  
  65  4:31  Drone x2  
  65  4:37  Drone  
  68  4:38  Evolution Chamber  
  68  4:40  Evolution Chamber  
  66  4:45  Drone  
  66  4:49  Drone x4  
  64  5:00  Drone  
  64  5:01  Drone x3  
  64  5:03  Drone x4  
  64  5:04  Drone  
  64  5:05  Drone  
  74  5:10  Drone x3  
  74  5:14  Drone  
  71  5:17  Zerg Missile Weapons Level 1  
  67  5:26  Drone x5  
  67  5:30  Drone  
  67  5:32  Drone  
  67  5:35  Drone  
  70  5:36  Extractor  
  70  5:37  Drone  
  70  5:40  Extractor  
  70  5:41  Zerg Ground Armor Level 1  
  69  5:49  Drone  
  70  5:50  Drone x3  
  70  5:51  Extractor x2  
  70  5:54  Drone  
  70  5:55  Roach Warren, Drone x2  
  70  5:57  Drone  
  74  6:00  Drone  
  75  6:08  Lair  
  75  6:09  Drone  
  75  6:10  Drone x6, Extractor  
  80  6:24  Hatchery  
  80  6:25  Zergling x12  
  85  6:33  Overlord x2  
  85  6:36  Overlord x2  
  85  6:43  Overlord x4  
  85  6:45  Zergling x4  
  87  6:48  Zergling x4  
  89  7:00  Roach x5  
  98  7:06  Roach  
  98  7:08  Overlord, Glial Reconstitution  
  100  7:09  Roach  
  100  7:10  Roach x2  
  100  7:13  Roach x4  
  100  7:15  Overseer  
  114  7:19  Roach x3  
  119  7:23  Roach  
  119  7:24  Ravager, Roach x2  
  119  7:28  Ravager x3  
  127  7:30  Roach  
  115  7:37  Roach x4  
  115  7:42  Roach x2  
  113  7:44  Roach x7  
  113  7:49  Roach x2  
  120  7:54  Roach  
  120  7:55  Roach x3  
  129  7:58  Ravager x2  
  129  8:04  Roach x4  
  129  8:07  Roach  
  129  8:11  Roach  
  129  8:12  Ravager x3  
  130  8:15  Roach x2  
  134  8:21  Roach x3  
  140  8:27  Overlord  
  140  8:28  Roach x5  
  140  8:30  Zergling x10  
  155  8:34  Ravager  
  155  8:35  Zergling x2  
  155  8:40  Overlord, Ravager  
  158  8:41  Zergling x4  
  158  8:45  Zergling x2  
  158  8:46  Ravager  
  162  8:53  Roach x6  
  174  8:59  Ravager  
  175  9:05  Overlord  
  170  9:14  Roach x4  
  170  9:15  Roach x4  
Show
View Real Time Build Order
Export as new Build Order

ExpecT Terran - Winner!

Build Orders: Liberator Opening, Reaper Expand 

Get SALT Encoding   

  12  0:00  SCV  
  13  0:13  SCV  
  14  0:19  Supply Depot  
  14  0:25  SCV  
  15  0:41  SCV  
  16  0:42  Barracks  
  16  0:46  Refinery  
  16  0:53  SCV  
  17  1:05  SCV  
  18  1:18  SCV  
  19  1:30  Orbital Command  
  19  1:31  Reaper  
  20  1:39  Command Center  
  20  1:48  Supply Depot  
  20  1:57  SCV  
  21  2:03  Marine  
  21  2:08  Factory  
  22  2:11  SCV  
  23  2:15  Refinery  
  23  2:23  SCV  
  23  2:25  Barracks Reactor  
  24  2:35  SCV  
  25  2:47  SCV  
  25  2:50  Orbital Command  
  26  2:54  Starport  
  26  2:59  SCV  
  27  3:08  Hellion x2  
  27  3:12  SCV  
  32  3:16  Barracks Tech Lab  
  32  3:17  SCV, Supply Depot  
  33  3:24  SCV  
  34  3:29  SCV, Hellion  
  34  3:30  Hellion  
  34  3:33  Liberator  
  42  3:37  SCV  
  43  3:41  SCV, Supply Depot  
  44  3:49  SCV  
  44  3:52  Hellion x2  
  44  3:54  SCV  
  50  4:01  SCV  
  51  4:08  Command Center  
  51  4:09  SCV  
  52  4:13  SCV  
  53  4:19  Supply Depot  
  53  4:21  SCV  
  53  4:23  Marine  
  53  4:24  Stimpack  
  55  4:25  SCV  
  56  4:32  Factory Tech Lab  
  56  4:36  Starport Reactor  
  56  4:37  SCV x2  
  58  4:39  Barracks  
  58  4:40  Barracks  
  58  4:47  Engineering Bay  
  58  4:50  SCV x2, Engineering Bay  
  57  5:03  Marine  
  57  5:05  SCV  
  59  5:08  Siege Tank  
  62  5:16  SCV  
  62  5:17  SCV  
  62  5:28  Marine  
  54  5:30  Orbital Command, Marine x2  
  54  5:31  Terran Infantry Weapons Level 1, Terran Infantry Armor Level 1  
  54  5:33  SCV x2  
  59  5:36  Starport Reactor, Barracks  
  59  5:37  Refinery, Barracks  
  59  5:39  Refinery, Marine x2  
  61  5:45  SCV x2  
  61  5:46  Marine  
  67  5:51  Marine  
  67  5:52  Marine  
  67  5:53  Orbital Command  
  69  5:57  Marine x2  
  69  6:00  SCV x2  
  69  6:04  Combat Shield, Marine  
  74  6:05  Supply Depot  
  74  6:09  Marine x2  
  73  6:13  Siege Tank  
  73  6:15  Medivac x2, Marine  
  73  6:16  SCV x2  
  83  6:23  SCV  
  83  6:24  Barracks Reactor x2  
  84  6:26  Supply Depot  
  84  6:28  SCV x2, Supply Depot  
  84  6:29  Marine x2  
  84  6:30  Armory  
  84  6:31  Marine x2  
  90  6:35  SCV  
  91  6:40  SCV x2  
  93  6:47  SCV, Marine x3  
  93  6:48  Marine  
  93  6:49  Siege Tank  
  93  6:50  Marine  
  102  6:55  Supply Depot  
  102  6:56  SCV x2  
  102  6:59  SCV  
  104  7:04  Marine x3  
  104  7:05  Supply Depot, Marine x2  
  109  7:16  Marine x4  
  109  7:17  Medivac x2  
  109  7:22  Marine x2  
  117  7:26  Marine x3  
  117  7:27  Siege Tank  
  120  7:34  Marine x4  
  120  7:37  SCV x2  
  119  7:39  Marine  
  119  7:40  Marine  
  119  7:44  Marine x3  
  112  7:52  SCV x3, Marine x3  
  112  7:55  Refinery x2  
  112  7:57  Factory  
  112  7:58  Marine x2  
  119  7:59  Supply Depot  
  119  8:01  Supply Depot  
  112  8:06  Marine x4  
  112  8:10  Marine x3  
  114  8:13  Siege Tank  
  114  8:16  Marine x2  
  114  8:18  Supply Depot  
  119  8:24  Marine x4  
  123  8:28  Marine x3  
  123  8:33  Marine  
  123  8:34  Marine  
  127  8:37  Command Center  
  127  8:40  Missile Turret  
  128  8:42  Marine x4, Factory Tech Lab  
  128  8:43  Supply Depot  
  128  8:45  Supply Depot, Marine  
  128  8:46  Marine x2  
  135  8:48  Siege Tank  
  135  8:51  Marine  
  135  8:52  Marine  
  138  8:55  Supply Depot  
  138  8:56  Supply Depot  
  138  8:59  Marine  
  138  9:00  Marine x2  
  138  9:01  Supply Depot  
  141  9:10  Supply Depot x2  
  141  9:17  Marine x8  
Tags
 
Add a new tag
Caveats
  • Supply blocks, unpowered buildings, or Contaminate may cause inaccurate times.
  • Supply counts are checked every 10 seconds.